 Dungeon Crawl Stone Soup version 0.28-a0-706-gf6f64a616a (webtiles) character file.

Game seed: 18269913429244090912

107 quinnr the Gusty (level 4, 0/24 HPs)
             Began as a Tengu Air Elementalist on Oct 24, 2021.
             Slain by a water moccasin zombie (1 damage)
             ... on level 3 of the Dungeon.
             The game lasted 00:06:22 (2733 turns).

quinnr the Gusty (Tengu Air Elementalist)           Turns: 2733, Time: 00:06:23

Health: 0/24       AC:  2    Str:  9    XL:     4   Next: 85%
Magic:  1/8        EV: 12    Int: 16    God:
Gold:   7          SH:  0    Dex: 14    Spells: 2/7 levels left

rFire   . . .      SeeInvis .   (no weapon)
rCold   . . .      Faith    .   (no shield)
rNeg    . . .      Spirit   .   a - +0 robe
rPois   .          Reflect  .   (helmet restricted)
rElec   .          Harm     .   (no cloak)
rCorr   .          Rampage  .   (no gloves)
Will    .....                   (boots unavailable)
Stlth   ++........              (no amulet)
HPRegen 0.08/turn               (no ring)
MPRegen 0.11/turn               (no ring)

@: no status effects
A: beak, talons 3
a: no special abilities


You were on level 3 of the Dungeon.
You visited 1 branch of the dungeon, and saw 3 of its levels.

You collected 73 gold pieces.
You spent 66 gold pieces at shops.

Inventory:

Armour
 a - a +0 robe (worn)
Scrolls
 b - 4 scrolls of teleportation
 e - 2 scrolls of noise {unknown}
Potions
 f - a potion of haste


   Skills:
 + Level 0.9 Fighting
 + Level 2.5 Dodging
 - Level 2.0 Stealth
 + Level 2.2 Spellcasting
 - Level 1.3 Conjurations
 * Level 6.5 Air Magic


You had 2 spell levels left.
You knew the following spells:

 Your Spells              Type           Power      Damage    Failure   Level
a - Shock                 Conj/Air       56%        1d6       4%          1
b - Airstrike             Air            11%        N/A       14%         4

Your spell library contained the following spells:

 Spells                   Type           Power      Damage    Failure   Level
 Static Discharge         Conj/Air       14%        N/A       6%          2
 Swiftness                Air            22%        N/A       4%          3


Dungeon Overview and Level Annotations

Branches:
Dungeon (3/15)

Altars:

Shops:
D:2 *(**   D:3 ?


Innate Abilities, Weirdness & Mutations

You have a beak for a mouth.
You have claws for feet.


Message History

You miscast Shock.
You are very lightly contaminated with residual magic.
Nothing appears to happen.
The water moccasin zombie bites you!
Unknown command.
Casting: Shock (safe; 4% risk of failure)
Confirm with . or Enter, or press ? or * to list all spells.
The spell is extremely dangerous to cast (14% risk of failure)!
Continue anyway?
Okay, then.
The water moccasin zombie misses you. The water moccasin zombie bites you.
Your magical contamination has completely faded away.
The water moccasin zombie barely misses you.
Casting: Airstrike (extremely dangerous; 14% risk of failure)
Confirm with . or Enter, or press ? or * to list all spells.
The spell is extremely dangerous to cast (14% risk of failure)!
Continue anyway?
Aiming: Airstrike (extremely dangerous; 14% risk of failure)
Press: ? - help, Dir - move target, f/p - water moccasin zombie
Aim: a water moccasin zombie (heavily damaged, empty space bonus: 7/8)
The air twists around and strikes the water moccasin zombie!
The water moccasin zombie is severely damaged.
The water moccasin zombie bites you.
* * * LOW HITPOINT WARNING * * *
Unknown command.
You aren't carrying any items that you can evoke.
Unknown command.
You feel better. The water moccasin zombie bites you.
* * * LOW HITPOINT WARNING * * *
Unknown command.
The water moccasin zombie bites you.
* * * LOW HITPOINT WARNING * * *
Casting: Airstrike (extremely dangerous; 14% risk of failure)
Confirm with . or Enter, or press ? or * to list all spells.
Aiming: Shock (safe; 4% risk of failure)
Press: ? - help, Shift-Dir - straight line, p - water moccasin zombie The zap hits the water moccasin zombie.
The water moccasin zombie is almost destroyed.
The zap hits the water moccasin zombie.
The water moccasin zombie is almost destroyed.
The water moccasin zombie bites you.
You die...

###.#.# ##.#
#.)..###.#######
#.###...........
#>#
####.########.
#.# #)#........
#.# #..........
#.######)..#####
#........Z.#
###......@##
#.#####.# #.#
#.### #.# #.#..
#.# #.#.# #.#
#.#.# #.# #.#.#
#.# #.#.#
#.#####.#.###


You could see a water moccasin zombie.

Vanquished Creatures
  An orc wizard (D:3)
  3 adders
  3 orcs (D:3)
  4 ball pythons
  An endoplasm (D:1)
  12 goblins
  4 hobgoblins
  3 jackals (D:2)
  6 kobolds
  3 quokkas
  2 bats (D:2)
  3 frilled lizards
  2 rats
47 creatures vanquished.

Notes
Turn   | Place    | Note
-------+----------+-------------------------------------------
     0 | D:1      | quinnr the Tengu Air Elementalist began the quest for the
                  | Orb.
     0 | D:1      | Reached XP level 1. HP: 10/10 MP: 4/4
   234 | D:1      | Reached XP level 2. HP: 15/15 MP: 3/6
   418 | D:1      | Reached skill level 5 in Air Magic
  1058 | D:2      | Reached XP level 3. HP: 19/19 MP: 2/7
  1477 | D:2      | Found a faded altar of an unknown god.
  1480 | D:2      | Found Mijacon's General Store.
  1522 | D:2      | Bought a scroll of teleportation for 33 gold pieces
  1522 | D:2      | Bought a scroll of teleportation for 33 gold pieces
  1543 | D:2      | Reached skill level 6 in Air Magic
  1682 | D:2      | Found Ogeak's General Store.
  1697 | D:2      | Found Taompuyni's Weapon Shoppe.
  1730 | D:2      | Found Eleugh's Assorted Antiques.
  1846 | D:3      | Found Zunarucli's Magic Scroll Shoppe.
  2219 | D:3      | Reached XP level 4. HP: 24/24 MP: 1/8
  2562 | D:3      | Learned a level 4 spell: Airstrike
  2731 | D:3      | HP: 1/24 [water moccasin zombie (6)]
  2733 | D:3      | Slain by a water moccasin zombie

Illustrated notes

Levels and vault maps discovered:
D:1:      scummos_arrival_simple_fountains, layout_rooms
D:2:      layout_basic, basic_altar, basic_ecumenical_altar, serial_shops, shop,
          shop, nicolae_square_shop, nicolae_lakefront_shop
D:3:      layout_loops_ring, serial_shops, shop, uniq_robin

Skill      XL: |  1  2  3 |
---------------+----------+-----
Air Magic      | 5 6 |  6.5
Fighting       | |  0.9
Dodging        | |  2.5
Stealth        | |  2.0
Spellcasting   | |  2.2
Conjurations   | |  1.3

Action                   |  1- 3 |  4- 6 || total
-------------------------+-------+-------++-------
Melee: Unarmed           |     3 |       ||     3
 Cast: Shock             |    68 |    31 ||    99
       Airstrike         |       |     1 ||     1
  Use: Scroll            |     2 |       ||     2
       Potion            |       |     1 ||     1
Armor: Robe              |     4 |       ||     4
Dodge: Dodged            |    16 |     8 ||    24

Table legend: (Time is in decaauts)
 A = Elapsed time spent in this place.
 B = Non-inter-level travel time spent in this place.
 C = Inter-level travel time spent in this place.
 D = Time resting spent in this place.
 E = Time spent auto-exploring this place.
 F = Levels seen in this place.
 G = Mean time per level.
                   A        B        C        D        E       F      G
               +--------+--------+--------+--------+--------+-----+--------+
         Total |   2736 |   2655 |     81 |    800 |   1535 |   3 |  912.0 |
       Dungeon |   2736 |   2655 |     81 |    800 |   1535 |   3 |  912.0 |
               +--------+--------+--------+--------+--------+-----+--------+

Top non-repeatable levels by time:
     D:2: 1207 daAuts
     D:1: 983 daAuts
     D:3: 545 daAuts
